 Dungeon Crawl Stone Soup version 0.26-a0-658-gbdda728c12 (webtiles) character file.

Game seed: 10031272080017872296

18410 rogsnak the Destroyer (level 12, 0/81 HPs)
             Began as a Barachi Fire Elementalist on Oct 4, 2020.
             Was an Elder of Sif Muna.
             Slain by a centaur (6 damage)
             ... on level 11 of the Dungeon.
             The game lasted 00:51:32 (16121 turns).

rogsnak the Destroyer (Barachi Fire Elementalist)  Turns: 16121, Time: 00:51:32

Health: 0/81       AC: 12    Str:  9    XL:     12   Next: 58%
Magic:  1/25       EV: 12    Int: 27    God:    Sif Muna [****..]
Gold:   861        SH:  0    Dex: 13    Spells: 14/30 levels left

rFire    + . .     SeeInvis .   R - staff of fire (curse)
rCold    . . .     Faith    .   (no shield)
rNeg     . . .     Spirit   .   Z - +0 swamp dragon scales
rPois    +         Reflect  .   M - +0 helmet
rElec    .         Harm     .   X - +0 cloak
rCorr    .         Rampage  .   (no gloves)
MR       .....                  F - +0 pair of boots
Stlth    +.........             (no amulet)
HPRegen  0.23/turn              D - +6 ring of intelligence
MPRegen  0.19/turn              (no ring)

@: can't hop, slow
A: +LOS, swims, slowness 1, strong legs 1
a: Hop, Channel Magic, Forget Spell, Divine Exegesis, Renounce Religion


You were on level 11 of the Dungeon.
You worshipped Sif Muna.
Sif Muna was greatly pleased with you.
You visited 1 branch of the dungeon, and saw 12 of its levels.

You collected 861 gold pieces.

Inventory:

Hand Weapons
 f - the +5 trident of the Cup {protect, +Blink rN+ Int+2}
   (You found it on level 10 of the Dungeon)

   It grants its wielder temporary protection when it strikes (+7 to AC).
   It affects your intelligence (+2).
   It protects you from negative energy.
   It lets you blink.
 g - the cursed +3 spear "Killer Klown's Regret" {freeze, rElec Dex+4}
   (You found it on level 11 of the Dungeon)

   It has been specially enchanted to freeze those struck by it, causing extra
   injury to most foes and up to half again as much damage against particularly
   susceptible opponents.
   It can also slow down cold-blooded creatures.
   It affects your dexterity (+4).
   It insulates you from electricity.
   It has a curse placed upon it.
 h - a +0 scimitar of flaming
 k - a +2 flail of venom
 S - a +6 scimitar
 U - a +1 morningstar of protection
Missiles
 b - 13 poisoned darts
 C - 10 javelins (quivered)
Armour
 a - a +2 robe of positive energy
 F - a +0 pair of boots (worn)
 M - a +0 helmet (worn)
 X - a +0 cloak (worn)
 Z - +0 swamp dragon scales (worn)
Magical Staves
 Q - an uncursed staff of cold
 R - a cursed staff of fire (weapon)
 V - an uncursed staff of poison {unknown}
Jewellery
 D - a +6 ring of intelligence (left hand)
Wands
 c - a wand of disintegration (18)
 d - a wand of random effects (6)
 y - a wand of iceblast (22)
 N - a wand of digging (9)
 P - a wand of polymorph (16)
Scrolls
 e - 2 scrolls of torment {unknown}
 j - 2 scrolls of enchant weapon {unknown}
 m - 3 scrolls of blinking {unknown}
 o - 3 scrolls of remove curse
 s - 2 scrolls of magic mapping {unknown}
 t - 2 scrolls of amnesia
 w - 4 scrolls of enchant armour
 A - 4 scrolls of fear {unknown}
 B - 2 scrolls of immolation {unknown}
 H - 5 scrolls of teleportation
 K - a scroll of noise
 O - 2 scrolls of identify
 Y - 2 scrolls of silence {unknown}
Potions
 i - 2 potions of brilliance {unknown}
 n - 12 potions of ambrosia {unknown}
 p - 4 potions of haste {unknown}
 q - a potion of berserk rage
 r - 5 potions of lignification {unknown}
 x - 5 potions of flight {unknown}
 z - 2 potions of curing
 E - 4 potions of might {unknown}
 G - a potion of mutation
 I - a potion of degeneration
 J - 3 potions of heal wounds {unknown}
 L - a potion of stabbing
Miscellaneous
 T - a phial of floods (inert)


   Skills:
 + Level 3.2 Fighting
 - Level 1.2 Staves
 + Level 5.0 Armour
 + Level 5.5 Dodging
 + Level 2.6 Stealth
 + Level 9.9 Spellcasting
 * Level 12.9 Conjurations
 + Level 6.6 Hexes
 + Level 10.6 Fire Magic
 + Level 0.8 Evocations


You had 14 spell levels left.
You knew the following spells:

 Your Spells              Type           Power        Failure   Level
a - Foxfire               Conj/Fire      ####         1%          1
b - Sticky Flame          Conj/Fire      #######.     1%          4
c - Fireball              Conj/Fire      #######...   2%          5
d - Cause Fear            Hex            #####.....   7%          4
e - Swiftness             Air            ##......     17%         2

Your spell library contained the following spells:

 Spells                   Type           Power        Failure   Level
 Conjure Flame            Conj/Fire      #######.     1%          3
 Inner Flame              Hex/Fire       ######..     1%          3
 Beastly Appendage        Tmut           ##....       11%         1
 Silence                  Hex/Air        ####......   61%         5
 Yara's Violent Unravell  Hex/Tmut       ####......   61%         5
 Conjure Ball Lightning   Conj/Air       #####.....   75%         6
 Alistair's Intoxication  Tmut/Pois      ##.......    97%         5
 Blade Hands              Tmut           ##........   97%         5
 Hydra Form               Tmut           ##........   100%        6
 Discord                  Hex            #####.....   100%        8


Dungeon Overview and Level Annotations

Branches:
Dungeon (12/15)            Temple (0/1) D:5            Lair (0/6) D:9
    Orc (0/2) D:10

Altars:
Hepliaklqana
Makhleb
Nemelex Xobeh
Qazlal
Sif Muna
Xom
The Shining One

Shops:
D:8 ?

Annotations:
D:6 2 transporters, Kaletam's ghost, novice VSBe
D:7 2 runed translucent doors
D:12 Maurice; Psyche


Innate Abilities, Weirdness & Mutations

You can be seen from farther away. (+LOS)
You can swim through water.
You cover ground slowly.
You can hop short distances.


Message History

Aiming: Fireball (dangerous; 2% risk of failure)
Press: ? - help, Shift-Dir - straight line You feel a surge of power!
The fireball explodes!
The fireball engulfs the wraith!!
You destroy the wraith!
Sif Muna accepts your kill. The centaur closely misses you.
Casting: Fireball (dangerous; 2% risk of failure)
Confirm with . or Enter, or press ? or * to list all spells.
Aiming: Sticky Flame (mildly dangerous; 1% risk of failure)
Press: ? - help, Shift-Dir - straight line, f - centaur
Aim: a centaur, quivering 11 arrows You feel a surge of power!
The sticky flame hits the centaur!
The centaur is moderately wounded.
The centaur is covered in liquid flames!
The centaur burns!
The centaur closely misses you.
You barely miss the centaur.
The centaur is heavily wounded.
The centaur burns!
The centaur hits you.
You die...

#.# #....##..<..#......#
###.###....##.....#......#
#.....'....''.....#......#
#######....##..(..#......#
#....##.....#.^....#
#....##.....######.#
#....####'########.#
#....# #..........# #.c@.#
#..........# #....#
#........... ######
#.........## #.........'.
##........## #...........
##.##########
#......#.....
#..###.#.####


You could see a centaur (burning).

Vanquished Creatures
  3 two-headed ogres
  Erica (D:11)
  2 ugly things
  3 cyclopes
  3 gargoyles
  Maggie (D:10)
  A kobold demonologist (D:11)
  A komodo dragon (D:9)
  A queen bee (D:11)
  A troll (D:9)
  4 slime creatures
  2 wraiths (D:11)
  A vampire (D:10)
  A water elemental (D:11)
  2 wyverns
  24 yaks
  Menkaure (D:5)
  Edmund (D:4)
  5 orc warriors
  3 black bears
  A phantom (D:5)
  4 ice beasts
  3 ogres
  2 eyes of draining
  12 centaurs
  3 big kobolds
  5 bullfrogs
  5 scorpions
  23 killer bees
  5 wights
  A howler monkey (D:6)
  2 bullfrog zombies (D:10)
  3 jellies
  7 hounds
  A quasit (D:9)
  2 centaur zombies
  4 orc priests (D:8)
  2 centaur skeletons
  2 bullfrog skeletons (D:9)
  3 iguanas
  10 orc wizards
  8 worker ants
  3 hound zombies
  A hound skeleton (D:6)
  14 adders
  4 shadow imps
  4 white imps
  3 ufetubi
  An ooze (D:7)
  4 adder zombies
  2 adder skeletons
  A worm (D:2)
  2 dart slugs
  4 leopard geckos
  49 orcs
  4 giant cockroaches
  12 goblins
  5 hobgoblins
  6 quokkas
  3 ball pythons
  3 bats
  7 frilled lizards
  A jackal zombie (D:6)
  12 kobolds
  3 leopard gecko skeletons
  A quokka skeleton (D:5)
  A quokka zombie (D:5)
  5 rats
324 creatures vanquished.

Vanquished Creatures (others)
  1030 foxfires
  23 plants
1053 creatures vanquished.

Grand Total: 1377 creatures vanquished

Notes
Turn   | Place    | Note
-------+----------+-------------------------------------------
     0 | D:1      | rogsnak the Barachi Fire Elementalist began the quest for
                  | the Orb.
     0 | D:1      | Reached XP level 1. HP: 13/13 MP: 3/3
   219 | D:1      | Reached XP level 2. HP: 19/19 MP: 0/5
   663 | D:1      | Reached XP level 3. HP: 24/24 MP: 1/6
  1548 | D:2      | Reached skill level 2 in Conjurations
  1900 | D:2      | Reached XP level 4. HP: 26/30 MP: 3/8
  1955 | D:2      | Learned a level 4 spell: Sticky Flame
  2912 | D:3      | Reached skill level 3 in Conjurations
  3132 | D:3      | Reached XP level 5. HP: 34/36 MP: 5/9
  3260 | D:3      | Found a shimmering altar of Xom.
  3261 | D:3      | Found a sparkling altar of Nemelex Xobeh.
  3263 | D:3      | Found a shimmering blue altar of Sif Muna.
  3268 | D:3      | Became a worshipper of Sif Muna the Loreminder
  3518 | D:4      | Noticed Edmund
  3749 | D:4      | Learned a level 5 spell: Fireball
  3817 | D:4      | Killed Edmund
  3817 | D:4      | Reached skill level 1 in Fighting
  3817 | D:4      | Reached XP level 6. HP: 36/43 MP: 1/11
  4023 | D:4      | Found a glowing golden altar of the Shining One.
  4199 | D:4      | Reached skill level 4 in Conjurations
  4840 | D:5      | Entered Level 5 of the Dungeon
  4842 | D:5      | Found a staircase to the Ecumenical Temple.
  5053 | D:5      | Noticed a gargoyle
  5069 | D:5      | Killed a gargoyle
  5069 | D:5      | Reached skill level 5 in Conjurations
  5069 | D:5      | Reached skill level 5 in Fire Magic
  5069 | D:5      | Reached XP level 7. HP: 15/48 MP: 0/13
  5560 | D:5      | Reached skill level 6 in Conjurations
  5595 | D:5      | Noticed Menkaure
  5599 | D:5      | Killed Menkaure
  5599 | D:5      | Reached skill level 5 in Spellcasting
  5599 | D:5      | Reached XP level 8. HP: 54/54 MP: 11/15
  6006 | D:6      | Found a transporter.
  6006 | D:6      | Noticed Kaletam's ghost (novice VSBe)
  6023 | D:6      | Found a hazy altar of Hepliaklqana.
  6120 | D:6      | Noticed a wraith
  6140 | D:6      | Found a transporter.
  6163 | D:6      | Reached skill level 7 in Conjurations
  6547 | D:6      | Reached * piety under Sif Muna
  6815 | D:6      | Reached skill level 8 in Conjurations
  6815 | D:6      | Reached XP level 9. HP: 60/60 MP: 10/17
  7110 | D:7      | Noticed a two-headed ogre
  7332 | D:7      | Killed a two-headed ogre
  7332 | D:7      | Reached skill level 9 in Conjurations
  7644 | D:7      | Found a large runed translucent door.
  7645 | D:7      | Found a large runed translucent door.
  7653 | D:7      | Found a large runed translucent door.
  7653 | D:7      | Found a large runed translucent door.
  8052 | D:7      | Noticed a cyclops
  8061 | D:7      | Killed a cyclops
  8061 | D:7      | Reached skill level 10 in Conjurations
  8061 | D:7      | Reached XP level 10. HP: 46/68 MP: 1/21
  8477 | D:7      | Reached ** piety under Sif Muna
  9104 | D:8      | Noticed a two-headed ogre
  9111 | D:8      | Killed a two-headed ogre
  9229 | D:8      | Reached skill level 1 in Staves
  9245 | D:8      | Learned a level 4 spell: Cause Fear
  9294 | D:8      | Found Mitecs's Magic Scroll Emporium.
  9334 | D:8      | Found a burning altar of Makhleb.
  9475 | D:8      | You fall into a shaft and drop 2 floors!
  9475 | D:10     | Entered Level 10 of the Dungeon
  9574 | D:10     | Noticed Maggie
  9583 | D:10     | Killed Maggie
  9589 | D:10     | Reached skill level 1 in Hexes
 10211 | D:8      | Found a stormy altar of Qazlal.
 10450 | D:9      | Noticed a two-headed ogre
 10457 | D:9      | Killed a two-headed ogre
 10457 | D:9      | Reached skill level 1 in Armour
 10457 | D:9      | Reached skill level 11 in Conjurations
 10460 | D:9      | Noticed a white ugly thing
 10554 | D:9      | Reached *** piety under Sif Muna
 10554 | D:9      | Reached XP level 11. HP: 65/74 MP: 8/23
 11753 | D:9      | Found a staircase to the Lair.
 11777 | D:9      | Killed a white ugly thing
 12142 | D:10     | Got an encrusted trident
 12514 | D:10     | Reached skill level 12 in Conjurations
 12915 | D:10     | Reached **** piety under Sif Muna
 12996 | D:10     | Reached skill level 5 in Hexes
 13015 | D:10     | Found a staircase to the Orcish Mines.
 13050 | D:11     | Reached skill level 5 in Dodging
 13081 | D:11     | Noticed a brown ugly thing
 13531 | D:11     | Noticed a lindwurm
 13531 | D:11     | Noticed a lindwurm
 13532 | D:11     | Noticed a lindwurm
 13533 | D:11     | Noticed a lindwurm
 13736 | D:11     | Killed a brown ugly thing
 13736 | D:11     | Reached skill level 10 in Fire Magic
 13772 | D:11     | Got a steaming spear
 13775 | D:11     | Identified the +5 trident of the Cup {protect, +Blink rN+
                  | Int+2} (You found it on level 10 of the Dungeon)
 13776 | D:11     | Identified the cursed +3 spear "Killer Klown's Regret"
                  | {freeze, rElec Dex+4} (You found it on level 11 of the
                  | Dungeon)
 13836 | D:11     | Reached XP level 12. HP: 81/81 MP: 14/25
 15255 | D:11     | Reached ***** piety under Sif Muna
 15260 | D:11     | Identified Sif Muna's Disquisition on Feathery
                  | Transmutation (Sif Muna gifted it to you on level 11 of the
                  | Dungeon)
 15260 | D:11     | Received a gift from Sif Muna
 15266 | D:11     | Learned a level 2 spell: Swiftness
 15479 | D:11     | Noticed Erica
 15485 | D:11     | Killed Erica
 15915 | D:12     | Noticed Maurice
 15919 | D:11     | Reached skill level 5 in Armour
 15950 | D:12     | Noticed a boulder beetle
 15950 | D:12     | Noticed a two-headed ogre
 15952 | D:12     | Noticed a death yak
 15953 | D:12     | Noticed a death knight
 15996 | D:12     | Noticed Psyche
 16121 | D:11     | Slain by a centaur

Illustrated notes

Levels and vault maps discovered:
D:1:      dpeg_arrival_ternary, layout_loops_ring
D:2:      layout_loops_ring
D:3:      layout_basic, gammafunk_temple_overflow_forgotten
D:4:      layout_gridville, minmay_misc_feat_five,
          nicolae_tso_swordbearing_angel, uniq_edmund
D:5:      layout_basic, temple_fountains, uniq_menkaure
D:6:      layout_loops_ring, basic_altar, gammafunk_ghost_mausoleum
D:7:      layout_cave_pools, minmay_hollow_rounded_squares
D:8:      layout_loops_ring, marbit_many_paths, serial_shops, shop_statue,
          basic_altar
D:9:      layout_irregular_city, david_lair_shrubbed, st_stairs_4
D:10:     layout_small_grid, hiddenorc1_lemuel, uniq_maggie
D:11:     layout_basic, special_room [special_room_bee], minmay_lindwurm_lava,
          uniq_erica
D:12:     layout_rooms, serial_ice, serial_ice_h, serial_ice_f, serial_ice_l,
          serial_ice_n, portal_ice_cave_entry_animals_and_master,
          minmay_misc_feat_roman, kennysheep_potato, uniq_maurice, uniq_kirke,
          uniq_psyche

Skill      XL: |  1  2  3  4  5  6  7  8  9 10 11 12 |
---------------+-------------------------------------+-----
Fire Magic     | 4 5 6 8 9 10 | 10.6
Conjurations   | 2 3 5 6 8 10 11 12 | 12.9
Spellcasting   | 3 4 5 7 8 9 |  9.9
Stealth        | 2 |  2.6
Fighting       | 1 2 3 |  3.2
Dodging        | 3 4 5 |  5.5
Staves         | 1 |  1.2
Hexes          | 3 5 6 |  6.6
Armour         | 1 3 5 |  5.0
Evocations     | |  0.8

Action                   |  1- 3 |  4- 6 |  7- 9 | 10-12 || total
-------------------------+-------+-------+-------+-------++-------
Melee: Club              |     3 |       |       |       ||     3
       Short sword       |    14 |     9 |       |       ||    23
       Dagger            |       |    24 |    23 |       ||    47
       Staff             |       |       |    10 |   117 ||   127
Throw: Javelin           |       |     4 |       |       ||     4
 Cast: Foxfire           |    69 |    82 |   166 |   335 ||   652
       Sticky Flame      |       |     2 |    15 |    72 ||    89
       Fireball          |       |       |     7 |    46 ||    53
       Cause Fear        |       |       |       |     4 ||     4
 Abil: Hop               |     1 |     2 |     2 |     7 ||    12
Evoke: Wand              |       |     2 |       |     6 ||     8
       Phial of floods   |       |       |       |     1 ||     1
  Use: Scroll            |       |       |     7 |     6 ||    13
 Stab: Sleeping          |       |     1 |       |       ||     1
Armor: Robe              |     4 |     4 |    15 |     4 ||    27
       Swamp dragon scal |       |       |       |   117 ||   117
Dodge: Dodged            |    20 |    28 |    63 |   175 ||   286

Table legend: (Time is in decaauts)
 A = Elapsed time spent in this place.
 B = Non-inter-level travel time spent in this place.
 C = Inter-level travel time spent in this place.
 D = Time resting spent in this place.
 E = Time spent auto-exploring this place.
 F = Levels seen in this place.
 G = Mean time per level.
                   A        B        C        D        E       F      G
               +--------+--------+--------+--------+--------+-----+--------+
         Total |  17714 |  17452 |    262 |   4727 |   7690 |  12 | 1476.2 |
       Dungeon |  17714 |  17452 |    262 |   4727 |   7690 |  12 | 1476.2 |
               +--------+--------+--------+--------+--------+-----+--------+

Top non-repeatable levels by time:
    D:10: 2509 daAuts
    D:11: 2407 daAuts
     D:7: 1803 daAuts
     D:9: 1628 daAuts
     D:2: 1470 daAuts
     D:6: 1446 daAuts
     D:1: 1410 daAuts
     D:4: 1377 daAuts
     D:8: 1264 daAuts
     D:5: 1228 daAuts
     D:3: 1107 daAuts
    D:12: 59 daAuts
